[Event "***Titled Tuesday 3|2 Blitz"]
[Site "Chess.com"]
[Date "2017.02.07"]
[Round "4"]
[White "nOcHeaTiNgKiD"]
[Black "pedromartinez91"]
[Result "0-1"]
[WhiteElo "2179"]
[BlackElo "2296"]
[TimeControl "180+2"]
[EndTime "13:59:32 PST"]
[Termination "pedromartinez91 won by resignation"]

1. d4 d5 2. Bf4 Bf5 3. e3 e6 4. c4 Bd6 5. Bg3 Bxb1 6. Bxd6 cxd6 7. Qxb1 Qa5+ 8. b4 Qa3 9. Qb3 Qxb3 10. axb3 Nc6 11.
b5 Nce7 12. Nf3 Kd7 13. Bd3 Nf6 14. Ke2 Ne4 15. Bxe4 dxe4 16. Nd2 f5 17. b4 Rhc8 18. Ra3 b6 19. Rha1 Rc7 20. Ra6 Nc8 21. f3 exf3+ 22. gxf3 Rb8 23. Kd3 Rbb7 24. Rg1 g6 25. h4 Kd8 26. Raa1 Rg7 27. Rg2 Rg8 28. Rag1 Rbg7 29. e4 h6 30. c5 g5 31. hxg5 hxg5 32. Nc4 Kc7 33. Rc1 Kd7 34. Rgc2 g4 35. cxd6 gxf3 36. Ne5+ Kxd6 37. Rxc8 Rxc8 38. Rxc8 fxe4+ 39. Ke3 Rg2 40. Rd8+ Ke7 41. Rd7+ Ke8 42. Rxa7 Re2+ 43. Kf4 f2 44. Ra8+ Ke7 45. Ra7+ Kd8 46. Ra8+ Kc7 47.
Ra7+ Kc8 48. Nc6 f1=Q+ 0-1

[Event "***Titled Tuesday 3|2 Blitz"]
[Site "Chess.com"]
[Date "2017.02.07"]
[Round "4"]
[White "Maitreia"]
[Black "Cruel_Yaro"]
[Result "1-0"]
[WhiteElo "2490"]
[BlackElo "2596"]
[TimeControl "180+2"]
[EndTime "13:59:36 PST"]
[Termination "Maitreia won by resignation"]

1. c4 e5 2. g3 f5 3. Bg2 Nf6 4.
a3 c6 5. d4 e4 6. Nc3 d5 7. cxd5 Nxd5 8. f3 exf3 9. Nxf3 Be7 10. O-O O-O 11. Nxd5 cxd5 12. Bf4 Nc6 13. Ne5 Nxe5 14.
Bxe5 Be6 15. Qb3 Qd7 16. Rac1 Rac8 17. h4 b5 18. Qe3 Rc4 19. Kh2 a5 20. b3 Rxc1 21.
Rxc1 Rc8 22. Rxc8+ Qxc8 23. a4 b4 24. Qd3 Qc6 25.
Bh3 g6 26. Bg2 Kf7 27. Qe3 Qc2 28. Qh6 Qxb3 29. Qxh7+ Ke8 30. Qxg6+ Kd7 31. Qg7 f4 32. Bxf4 Ke8 33. h5 Qc2 34. h6 Bf5 35. Qg8+ Kd7 36.
Qxd5+ Ke8 37. e4 Bh7 38. Qe5 b3 39. Qh8+ Kd7 40. Qxh7 b2 41. Qf5+ Kc6 42. h7 b1=Q 43. h8=Q 1-0

[Event "***Titled Tuesday 3|2 Blitz"]
[Site "Chess.com"]
[Date "2017.02.07"]
[Round "4"]
[White "RitvarsReimanis"]
[Black "SergeiAza"]
[Result "1-0"]
[WhiteElo "2369"]
[BlackElo "2504"]
[TimeControl "180+2"]
[EndTime "13:59:37 PST"]
[Termination "RitvarsReimanis won by resignation"]

1. d4 d5 2. c4 e6 3. Nc3 Be7 4.
Nf3 Nf6 5. cxd5 exd5 6. Bg5 c6 7. e3 Bf5 8. Bd3 Bxd3 9. Qxd3 Nbd7 10. O-O O-O 11.
Rab1 Ne8 12. Bxe7 Qxe7 13. b4 b5 14. e4 dxe4 15. Nxe4 Nef6 16. Rfe1 a5 17. d5 Nxe4 18. Rxe4 Qd6 19. Rd4 c5 20. bxc5 Nxc5 21. Qxb5 Rfb8 22.
Qf1 Rxb1 23. Qxb1 Rb8 24. Qe1 a4 25. g3 h6 26. Qe5 Rb1+ 27. Kg2 Qa6 28. Nd2 Rd1 29.
d6 Qb7+ 30. Nf3 Rd3 31. Rxd3 Nxd3 32. Qe8+ Kh7 33. d7 Ne1+ 34. Qxe1 Qxd7 35. Qe4+ g6 36. h4 a3 37. h5 Qd6 38. Nh4 Kg7 39. hxg6 fxg6 40.
Nf3 Qc5 41. Qe5+ Qxe5 42. Nxe5 1-0

[Event "***Titled Tuesday 3|2 Blitz"]
[Site "Chess.com"]
[Date "2017.02.07"]
[Round "4"]
[White "wonderfultime"]
[Black "jb2mix"]
[Result "1-0"]
[WhiteElo "2641"]
[BlackElo "2412"]
[TimeControl "180+2"]
[EndTime "13:59:39 PST"]
[Termination "wonderfultime won by resignation"]

1. d4 Nf6 2. c4 e6 3. Nf3 Bb4+ 4. Nbd2 O-O 5. a3 Be7 6. e4 d6 7. Be2 c5 8. O-O cxd4 9. Nxd4 Nc6 10. Nxc6 bxc6 11.
b4 d5 12. exd5 exd5 13. Bb2 a5 14.
c5 axb4 15. axb4 Rb8 16. Ra4 Bf5 17. Nf3 Ne4 18. Nd4 Bd7 19. Qc2 h6 20. Bd3 Ng5 21. f4 Ne6 22. Nxe6 fxe6 23. Be5 Ra8 24. Rxa8 Qxa8 25.
Qc3 Bf6 26. Bxf6 Rxf6 27. Ra1 Qb8 28. g3 Be8 29. Qd4 Bg6 30. Be2 Be4 31. Ra6 Qb7 32.
Qc3 Rf8 33. Ra4 Rb8 34. Qe5 Re8 35. Bg4 Qf7 36. Ra6 Bf5 37. Be2 Qb7 38. Rb6 Qd7 39.
b5 Ra8 40. bxc6 Qc8 41. c7 Ra1+ 42. Qxa1 1-0

[Event "***Titled Tuesday 3|2 Blitz"]
[Site "Chess.com"]
[Date "2017.02.07"]
[Round "4"]
[White "Mornar1951"]
[Black "TheCount"]
[Result "1-0"]
[WhiteElo "2566"]
[BlackElo "2487"]
[TimeControl "180+2"]
[EndTime "13:59:39 PST"]
[Termination "Mornar1951 won by checkmate"]

1. Nf3 Nf6 2. c4 g6 3. Nc3 d5 4. d4 Bg7 5. Bf4 O-O 6. Rc1 Be6 7.
Ng5 Bf5 8. e3 c5 9. dxc5 Nbd7 10.
cxd5 Nxc5 11. b4 Nfe4 12. Ngxe4 Nxe4 13. Nxe4 Bxe4 14. d6 Qb6 15. f3 Qxb4+ 16. Kf2 Bc6 17. dxe7 Rfe8 18. Bd6 Qb2+ 19. Qc2 Qf6 20. Ba3 Qh4+ 21.
g3 Qh5 22. Be2 Bf6 23. e4 Qh3 24. Bb2 Bxb2 25. Qxb2 Rxe7 26. Bf1 Qh5 27. h4 Rd8 28. Be2 Red7 29. Rhd1 Qa5 30. Rxd7 Rxd7 31. Rd1 Qc5+ 32. Kg2 Rxd1 33. Bxd1 Qe3 34. Bb3 a6 35. h5 gxh5 36. Qf6 Be8 37. Kh3 Qg1 38. Qg5+ Kf8 39. Qxh5 Qh1+ 40.
Kg4 Bd7+ 41. Kg5 Qc1+ 42. f4 Qc3 43. Qxf7# 1-0

[Event "***Titled Tuesday 3|2 Blitz"]
[Site "Chess.com"]
[Date "2017.02.07"]
[Round "4"]
[White "twitchTriniCupid"]
[Black "AllStarShark"]
[Result "1-0"]
[WhiteElo "2127"]
[BlackElo "2255"]
[TimeControl "180+2"]
[EndTime "13:59:43 PST"]
[Termination "twitchTriniCupid won on time"]

1. Nf3 d5 2. c4 e6 3. g3 Nf6 4.
Bg2 Be7 5. O-O O-O 6. Qc2 b6 7. cxd5 exd5 8. Ne5 Bb7 9. d4 Nfd7 10. Nd3 c6 11.
Bf4 Nf6 12. Nc3 Nbd7 13. Ne5 Nxe5 14. Bxe5 Bd6 15. e4 Bxe5 16. dxe5 Nxe4 17. Nxe4 dxe4 18. Bxe4 g6 19. Rad1 Qe7 20. f4 c5 21. Rd6 Rfd8 22.
Rfd1 Rxd6 23. Rxd6 Bxe4 24. Qxe4 Rd8 25. Qd5 Rxd6 26. exd6 Qe1+ 27. Kg2 Qe2+ 28. Kg1 Qe1+ 29. Kg2 Qe2+ 30. Kg1 Qe1+ 31. Kg2 Qe2+ 32. Kh3 Qf1+ 33. Kg4 h5+ 34. Kg5 Qe2 35. Kf6 Qe8 36. Qe5 Qf8 37.
Kg5 Qd8+ 38. Qf6 Qd7 39. Kh6 1-0

[Event "***Titled Tuesday 3|2 Blitz"]
[Site "Chess.com"]
[Date "2017.02.07"]
[Round "4"]
[White "Sven_Tica"]
[Black "kiborg1987"]
[Result "1-0"]
[WhiteElo "2425"]
[BlackElo "2623"]
[TimeControl "180+2"]
[EndTime "13:59:45 PST"]
[Termination "Sven_Tica won by resignation"]

1. d4 e6 2. g3 c5 3. Nf3 b6 4. Bg2 Bb7 5. O-O Nf6 6. c4 cxd4 7. Nxd4 Bxg2 8. Kxg2 Qc8 9. b3 Qb7+ 10. f3 Be7 11. e4 O-O 12. Nc3 d6 13. Be3 a6 14.
Qe2 Nbd7 15. Rfd1 Rfe8 16. Bf2 Rac8 17. Rac1 Bf8 18. Kg1 g6 19. f4 e5 20. fxe5 Nxe5 21. Nd5 Bg7 22. Nf3 Nxd5 23. cxd5 b5 24. Nd4 h5 25. h3 Nd7 26. Nc6 Nf6 27. Qc2 Nxe4 28. Re1 Nxf2 29. Ne7+ Kh7 30. Nxc8 Rxe1+ 31. Rxe1 Nxh3+ 32.
Kh2 Ng5 33. Qc6 Nf3+ 34. Kh1 Qb8 35. Re8 Ne5 36. Qb6 Qxb6 37. Nxb6 f5 38. Nc8 Nf7 39. Re7 Kg8 40. Ra7 Be5 41. Kg2 g5 42. Rxa6 Kg7 43.
Ne7 Kf6 44. Nc6 h4 45. gxh4 g4 46. a4 bxa4 47. bxa4 f4 48. Rb6 f3+ 49. Kf2 Nh6 50.
Nxe5 Kxe5 51. a5 Nf5 52. a6 Nd4 53. Rb4 Kf4 54. Rxd4+ 1-0

[Event "***Titled Tuesday 3|2 Blitz"]
[Site "Chess.com"]
[Date "2017.02.07"]
[Round "4"]
[White "DanielNaroditsky"]
[Black "Alexander_Moskalenko"]
[Result "1-0"]
[WhiteElo "2736"]
[BlackElo "2692"]
[TimeControl "180+2"]
[EndTime "13:59:47 PST"]
[Termination "DanielNaroditsky won by resignation"]

1. e4 c6 2. d4 d5 3. Nd2 dxe4 4. Nxe4 Nf6 5. Nxf6+ exf6 6. Bc4 Bd6 7. Ne2 O-O 8. Ng3 Re8+ 9. Ne2 Qc7 10. h3 Bf5 11. O-O Nd7 12. Bd3 Bxd3 13. Qxd3 Rad8 14. c4 Nc5 15.
Qf3 Ne4 16. Be3 g6 17. g4 Ng5 18. Qg2 Kg7 19. c5 Bf8 20. h4 Ne6 21. h5 Qd7 22. Nc3 Nc7 23. g5 fxg5 24. Bxg5 Be7 25. h6+ Kg8 26. Rfe1 Bxg5 27. Qxg5 Ne6 28. Qf6 Qe7 29. Ne4 Rxd4 30. Qxd4 Nxd4 31. Nf6+ Kh8 32. Rxe7 Rxe7 33. Rd1 Ne6 34. Rd6 Rc7 35. b4 b6 36. cxb6 axb6 37.
a4 c5 38. Rxb6 Rc8 39. a5 c4 40. Nd5 Kg8 41. Ne7+ Kf8 42. Nxc8 c3 43. Rc6 c2 44. Rxc2 Nd4 45. Ra2 1-0

[Event "***Titled Tuesday 3|2 Blitz"]
[Site "Chess.com"]
[Date "2017.02.07"]
[Round "4"]
[White "BillieKimbah"]
[Black "kpio91"]
[Result "1-0"]
[WhiteElo "2604"]
[BlackElo "2520"]
[TimeControl "180+2"]
[EndTime "13:59:50 PST"]
[Termination "BillieKimbah won by resignation"]

1. Nf3 Nf6 2. g3 g6 3. Bg2 Bg7 4. O-O O-O 5. d4 d6 6. b3 Nc6 7.
Bb2 e5 8. dxe5 Ng4 9. c4 a5 10. Nc3 Ngxe5 11. Qd2 Re8 12. Nd5 a4 13. Nxe5 dxe5 14.
Rfd1 Be6 15. b4 a3 16. Bc3 Nd4 17. e3 Bxd5 18. Bxd5 Qxd5 19. cxd5 Nf3+ 20. Kg2 Nxd2 21. Rxd2 e4 22. Rc1 Re7 23. Bxg7 Kxg7 24. d6 cxd6 25. Rxd6 Ra4 26. Rd4 Re5 27. Kf1 Re7 28. Ke2 Ra6 29.
Rcc4 f5 30. Kd2 h5 31. h4 Kh6 32. Rc5 Rf7 33. Rdd5 Raf6 34. Kc2 b6 35. Rc8 g5 36. Rh8+ Kg6 37. Rg8+ Rg7 38. Rxg7+ Kxg7 39. hxg5 Rc6+ 40.
Kb3 Kg6 41. b5 Re6 42. Kxa3 Kxg5 43. Kb4 Kg4 44. a4 Kf3 45. Rxf5+ 1-0

[Event "***Titled Tuesday 3|2 Blitz"]
[Site "Chess.com"]
[Date "2017.02.07"]
[Round "4"]
[White "jcgs1030"]
[Black "ZEN-22"]
[Result "0-1"]
[WhiteElo "2288"]
[BlackElo "2364"]
[TimeControl "180+2"]
[EndTime "13:59:51 PST"]
[Termination "ZEN-22 won by resignation"]

1. e4 d5 2. exd5 c6 3. c4 Nf6 4. Nc3 g6 5. Nf3 cxd5 6. cxd5 Bg7 7. Bb5+ Bd7 8. Bc4 O-O 9. O-O Na6 10. Re1 Rc8 11.
Bxa6 bxa6 12. Qe2 Qb6 13. d3 Rfe8 14. Be3 Qb7 15. Bd4 Nxd5 16. Bxg7 Kxg7 17. Ne5 Bb5 18. Qe4 e6 19. Nc4 Qd7 20. Rad1 Nxc3 21. bxc3 Bxc4 22.
dxc4 Qa4 23. Rd4 e5 24. Rd6 Rxc4 25. Qb7 a5 26. Rd7 Rf4 27. g3 Rf5 28. Qxa7 Qxa2 29. Red1 Re6 30. R7d2 Qa4 31. Rd7 Ref6 32. R1d2 Qa1+ 33. Kg2 Qxc3 34. Qb6 Qf3+ 35. Kg1 h5 36. Qa7 e4 37. Rd1 h4 38. gxh4 Qg4+ 39. Kf1 Qh3+ 40.
Ke1 Qxh4 41. R1d2 Qxh2 42. Qd4 Qg1+ 43. Ke2 Rxf2+ 0-1

[Event "***Titled Tuesday 3|2 Blitz"]
[Site "Chess.com"]
[Date "2017.02.07"]
[Round "4"]
[White "1stSecond"]
[Black "Rikikits"]
[Result "0-1"]
[WhiteElo "2582"]
[BlackElo "2633"]
[TimeControl "180+2"]
[EndTime "13:59:52 PST"]
[Termination "Rikikits won by checkmate"]

1. d4 Nf6 2. c4 g6 3. Nc3 Bg7 4.
e4 O-O 5. Nf3 d6 6. h3 e5 7. d5 Na6 8. Be3 Nc5 9. Nd2 a5 10. g4 c6 11. b3 Ne8 12. h4 f5 13.
gxf5 gxf5 14. exf5 Bxf5 15. Bxc5 dxc5 16. Nde4 b5 17. Bg2 b4 18. Ne2 cxd5 19. cxd5 Nd6 20. N2g3 Bxe4 21. Nxe4 Rf4 22. Qd3 a4 23. Rc1 axb3 24.
axb3 c4 25. bxc4 Ra3 26. Qe2 Nxe4 27. Bxe4 b3 28. f3 Ra2 29. Qd3 Qa5+ 30. Kf1 b2 31. Rb1 Kh8 32. Rh2 Ra3 33. Qc2 Bf8 34. Qxb2 Bd6 35.
Rg2 Rf8 36. Qb7 Raxf3+ 37. Bxf3 Rxf3+ 38. Kg1 Qc5+ 39. Kh2 e4+ 40. Rg3 Rxg3 41. Qa8+ Rg8+ 42. Kh3 Qe3# 0-1

[Event "***Titled Tuesday 3|2 Blitz"]
[Site "Chess.com"]
[Date "2017.02.07"]
[Round "4"]
[White "nihalsarin"]
[Black "destroyer305"]
[Result "0-1"]
[WhiteElo "2481"]
[BlackElo "2333"]
[TimeControl "180+2"]
[EndTime "13:59:52 PST"]
[Termination "destroyer305 won by checkmate"]

1. e4 c5 2. Nf3 d6 3. d4 cxd4 4.
Nxd4 Nf6 5. Nc3 g6 6. Nf3 Bg7 7. e5 Ng4 8. exd6 O-O 9. h3 Ne5 10. Nxe5 Bxe5 11. Bh6 Re8 12. Bb5 Nc6 13. O-O Qxd6 14.
Qxd6 Bxd6 15. Ne4 Be5 16. c3 a6 17. Ba4 b5 18. Bb3 Na5 19. Rfe1 Nxb3 20. axb3 Bg7 21. Bxg7 Kxg7 22. Nd6 Rd8 23. Nxc8 Raxc8 24. Rxa6 e6 25. Rb6 Rd5 26. Rb7 Kf6 27. Re4 g5 28. Re3 Kg6 29.
Rf3 f6 30. Re3 e5 31. g4 Ra8 32. Kg2 Ra2 33. Rf3 Rd6 34. Rxb5 Rxb2 35. c4 Rb1 36. c5 Rdd1 37. Rf5 Rg1+ 38. Kf3 Rbe1 39. Rb4 Rh1 40. Rb6 e4+ 41. Kg3 Reg1# 0-1

[Event "***Titled Tuesday 3|2 Blitz"]
[Site "Chess.com"]
[Date "2017.02.07"]
[Round "4"]
[White "A-Fier"]
[Black "GeorgMeier"]
[Result "1/2-1/2"]
[WhiteElo "2502"]
[BlackElo "2677"]
[TimeControl "180+2"]
[EndTime "13:59:58 PST"]
[Termination "Game drawn by repetition"]

1. d4 e6 2. c4 Nf6 3. Nc3 Bb4 4.
e3 O-O 5. Ne2 d5 6. a3 Bd6 7.
Ng3 c6 8. Be2 Nbd7 9. O-O dxc4 10.
Bxc4 e5 11. Qc2 Nb6 12. Ba2 exd4 13. exd4 Bxg3 14. hxg3 Re8 15. Bg5 Be6 16. Ne4 Bxa2 17. Bxf6 gxf6 18. Rxa2 Qxd4 19. Nc3 Rad8 20. Raa1 Qd2 21.
Qb3 Kg7 22. a4 Qd7 23. a5 Nd5 24. Ra4 Nxc3 25. Qxc3 Qe6 26. Rh4 Rd5 27. b4 Red8 28. Qc2 h6 29. Qc1 f5 30. a6 b6 31. Rc4 R8d6 32.
Qc3+ Qf6 33. Qf3 Rd3 34. Qe2 Rd2 35. Qe3 R2d3 36. Qe2 Rd2 37. Qe3 Rd1 38. Rxd1 Rxd1+ 39. Kh2 Qa1 40. g4 Rh1+ 41. Kg3 Qf6 42. gxf5 Qxf5 43.
Rg4+ Kf8 44. Qd4 Qd5 45. Qf4 Qd3+ 46. f3 Rd1 47. Qxh6+ Ke7 48. Re4+ Kd7 49. Qf6 Qd6+ 50. Qf4 Qxf4+ 51. Kxf4 Rd5 52. g4 c5 53. g5 cxb4 54.
Rxb4 Ra5 55. Re4 Rc5 56. Kg4 Ra5 57. f4 Rxa6 58. f5 Ra1 59. Rd4+ Ke7 60. f6+ Ke6 61.
Re4+ Kd6 62. Re7 Rg1+ 63. Kf4 Rf1+ 64. Kg4 Rg1+ 65. Kh5 Rh1+ 66. Kg4 Rg1+ 67. Kh4 Rh1+ 68. Kg3 Rg1+ 69. Kf4 Rf1+ 70. Kg4 Rg1+ 71. Kf5 Rf1+ 72. Kg4 Rg1+ 1/2-1/2

[Event "***Titled Tuesday 3|2 Blitz"]
[Site "Chess.com"]
[Date "2017.02.07"]
[Round "4"]
[White "Jahonas"]
[Black "NoWuss2"]
[Result "1-0"]
[WhiteElo "2144"]
[BlackElo "2051"]
[TimeControl "180+2"]
[EndTime "13:59:59 PST"]
[Termination "Jahonas won on time"]

1. d4 Nc6 2. Nf3 d6 3. c4 f5 4.
Nc3 Nf6 5. Bg5 Ne4 6. Bd2 e6 7. e3 Be7 8. Bd3 Nxd2 9. Qxd2 O-O 10. O-O e5 11. dxe5 dxe5 12. Be2 Be6 13. Rad1 Qc8 14. Nd5 Bd8 15. b4 a6 16. b5 axb5 17. cxb5 Ne7 18.
Nxe7+ Bxe7 19. Nxe5 Rxa2 20. Qe1 Bf6 21. Nf3 Re8 22.
Nd4 Bf7 23. Bf3 g6 24. Qc3 f4 25. exf4 Ra4 26. Rd2 Rc4 27. Qb2 Rd8 28. Rfd1 Qd7 29.
Be2 Rxd4 30. Rxd4 Bxd4 31. Qc2 Qe7 32. g3 Bb6 33. Rxd8+ Qxd8 34. Bf3 Bd5 35. Qd3 c6 36. bxc6 bxc6 37. f5 Bxf3 38. Qxf3 Qd5 39. Qf4 gxf5 40. Qb8+ Kg7 41. Qxb6 Qd1+ 42. Kg2 Qd5+ 43. Kh3 f4 44.
Qc7+ Kg6 45. Qxf4 c5 46. Qg4+ Kf6 47. Qh4+ Kg6 48. Qg4+ Kf6 49. Qh4+ Kg7 50. Qe7+ Kg6 51. f4 c4 52. Qe8+ Kg7 53. Qe7+ Kg8 54. Qe8+ Kg7 55. Qe7+ Kg6 56. Qe8+ Qf7 57. Qc6+ Kg7 58.
Kg4 h6 59. f5 Kh7 60. Kf4 1-0

[Event "***Titled Tuesday 3|2 Blitz"]
[Site "Chess.com"]
[Date "2017.02.07"]
[Round "4"]
[White "joppie2"]
[Black "AdrianaNikolova"]
[Result "1-0"]
[WhiteElo "2530"]
[BlackElo "2319"]
[TimeControl "180+2"]
[EndTime "14:00:02 PST"]
[Termination "joppie2 won by resignation"]

1. e4 c5 2. Nf3 d6 3. d4 cxd4 4.
Nxd4 Nf6 5. Nc3 a6 6. Bg5 e6 7.
f4 Nc6 8. Nxc6 bxc6 9. e5 h6 10. Bh4 g5 11. fxg5 Nd5 12. Ne4 dxe5 13. Bd3 Be7 14. Qd2 Nf4 15. Nf6+ Bxf6 16. gxf6 Qd4 17. O-O-O Rb8 18. c3 Qxd3 19. Qxd3 Nxd3+ 20. Rxd3 Bb7 21. Rhd1 c5 22. c4 Bxg2 23. Rd7 Bc6 24. Re7+ Kf8 25. Bg3 Be8 26. Bxe5 Rc8 27. Bd6 Rc6 28. Bxc5 Rxc5 29. Rd8 Rxc4+ 30. Kb1 Kg8 31. Rexe8+ Kh7 32. Rxh8+ Kg6 33.
Rdg8+ Kxf6 34. Rxh6+ Ke5 35. Rg1 Re4 36. h4 f5 37. h5 Kf4 38. Rh1 Re2 39. Rg6 e5 40. h6 e4 41. h7 e3 42. h8=R Rf2 43. R8h4+ Ke5 44. Rg8 f4 45. Re8+ Kf5 46. Rhh8 Kg4 47.
a4 e2 48. Re1 f3 49. Re4+ Kg3 50. Rhe8 Rh2 51. R4xe2 fxe2 52. R8xe2 Rh4 53. b3 Rb4 54. Kb2 Kf3 55. Re6 Kf2 56. Rc1 a5 57. Re5 1-0

[Event "***Titled Tuesday 3|2 Blitz"]
[Site "Chess.com"]
[Date "2017.02.07"]
[Round "4"]
[White "rubhani"]
[Black "GrigorGrigorov"]
[Result "0-1"]
[WhiteElo "2367"]
[BlackElo "2481"]
[TimeControl "180+2"]
[EndTime "14:00:03 PST"]
[Termination "GrigorGrigorov won by resignation"]

1. b3 Nf6 2. Bb2 e6 3. Nf3 c5 4. c4 b6 5. d4 cxd4 6. Nxd4 Bb7 7. Nc3 a6 8. e3 Be7 9. Be2 O-O 10. O-O Nc6 11. Bf3 Qb8 12. Rc1 Rc8 13. Nxc6 Bxc6 14. Qe2 Qb7 15. Bxc6 Rxc6 16. e4 d6 17. Rfd1 Rac8 18.
f3 h6 19. Kh1 Nd7 20. Qd2 Bg5 21. f4 Be7 22. Ne2 b5 23. Nd4 R6c7 24. cxb5 axb5 25. Rxc7 Rxc7 26. Qe2 b4 27. Nb5 Rc6 28. Qg4 Bf6 29.
Bxf6 Nxf6 30. Qe2 Nxe4 31. Qxe4 Qxb5 32. h3 d5 33. Qe5 Rc2 34. Re1 Qd3 35. f5 Qxf5 36.
Qxf5 exf5 37. Re8+ Kh7 38. Rd8 Rxa2 39. Rxd5 Rb2 40.
Rxf5 Kg6 41. Rf3 f5 42. Kh2 Kf6 43. Kg3 g5 44. Kh2 f4 45. Rd3 Ke5 46. h4 g4 47.
h5 f3 48. Kh1 Rb1+ 0-1

[Event "***Titled Tuesday 3|2 Blitz"]
[Site "Chess.com"]
[Date "2017.02.07"]
[Round "4"]
[White "Durarbayli"]
[Black "Konavets"]
[Result "1-0"]
[WhiteElo "2619"]
[BlackElo "2516"]
[TimeControl "180+2"]
[EndTime "14:00:06 PST"]
[Termination "Durarbayli won on time"]

1. e4 c5 2. Nf3 d6 3. d4 cxd4 4.
Nxd4 Nf6 5. Nc3 a6 6. Bg5 e6 7. f4 Qb6 8. a3 Be7 9. Nb3 h6 10. Bxf6 Bxf6 11. Qf3 Nc6 12. O-O-O Be7 13. g3 Qc7 14. Bg2 b5 15. Rhe1 O-O 16. e5 d5 17.
h4 Rb8 18. g4 b4 19. axb4 Rxb4 20. g5 h5 21. Qxh5 Rxf4 22. Bxd5 Nxe5 23. Qe2 Ng6 24. h5 Bxg5 25. Kb1 Ne7 26. Be4 a5 27. Nd4 a4 28.
Nxa4 Bd7 29. Nc3 Rb8 30. Nb3 e5 31. Rg1 Bh6 32. Nd5 Nxd5 33. Bxd5 Bf5 34. Rg3 Qa7 35. Qxe5 Rf2 36. Rc3 Rf8 37. Rc7 Qb8 38. Nd4 Bh7 39. Qe7 Bg5 40. Qd7 Bf6 41. Rb7 Qe5 42. Bxf7+ Kh8 43. Bg6 Bg8 44. h6 Rg2 45. hxg7+ Bxg7 46. Rh1+ 1-0

[Event "***Titled Tuesday 3|2 Blitz"]
[Site "Chess.com"]
[Date "2017.02.07"]
[Round "4"]
[White "Ar4uha"]
[Black "Pierrebl"]
[Result "1-0"]
[WhiteElo "2420"]
[BlackElo "2393"]
[TimeControl "180+2"]
[EndTime "14:00:07 PST"]
[Termination "Ar4uha won on time"]

1. e4 c5 2. Nf3 Nc6 3. Bb5 g6 4. O-O Bg7 5. Re1 Nh6 6. c3 O-O 7. d4 cxd4 8. cxd4 d5 9. exd5 Qxd5 10. Nc3 Qd6 11. d5 Na5 12. Qa4 b6 13. Bf4 Qd8 14.
Rad1 Nf5 15. Ne5 Nd6 16. Nc6 Nxc6 17. dxc6 Be6 18. Nd5 Bxd5 19. Rxd5 Qc7 20. Qa6 Rfd8 21. b3 Rac8 22. Red1 e5 23. Bg5 f6 24. Rxd6 fxg5 25. Rd7 Qb8 26. g3 Rxd7 27. Rxd7 Rc7 28. Bc4+ Kh8 29.
Qb5 Rxd7 30. cxd7 Qd8 31. Qd5 Bf6 32. Qf7 Be7 33. Kf1 e4 34. Ke2 a6 35. Qe6 b5 36.
Bd5 Bf6 37. Bxe4 Qe7 38. Qxe7 Bxe7 39. b4 Kg7 40. Bb7 Kf7 41. Bxa6 Ke6 42. Bxb5 Kd5 43.
Kd3 Bd8 44. a4 h5 45. Bc4+ Kd6 46. Bf7 Kxd7 47. Bxg6 h4 48. gxh4 Ba5 49. h3 1-0

[Event "***Titled Tuesday 3|2 Blitz"]
[Site "Chess.com"]
[Date "2017.02.07"]
[Round "4"]
[White "AkshatChandra"]
[Black "Evgeny_Levin"]
[Result "0-1"]
[WhiteElo "2642"]
[BlackElo "2775"]
[TimeControl "180+2"]
[EndTime "14:00:11 PST"]
[Termination "Evgeny_Levin won by checkmate"]

1. e4 c5 2. Nf3 d6 3. Bb5+ Bd7 4. c4 Nf6 5. Nc3 e6 6. Bxd7+ Qxd7 7. O-O Nc6 8. d4 cxd4 9. Nxd4 Be7 10. b3 O-O 11. Bb2 Rfd8 12. Re1 a6 13. Na4 Qc7 14. Rc1 Ne5 15.
Qe2 Ng6 16. g3 Nd7 17. h4 Bf6 18. h5 Nge5 19. h6 Bg5 20. f4 Bxh6 21. fxe5 dxe5 22.
Nf3 Bxc1 23. Rxc1 b6 24. Qe3 f6 25. Kf2 Nc5 26. Nxc5 bxc5 27. Ne1 Qa5 28. Rc2 Rd7 29. Bc3 Qc7 30. Nd3 Rc8 31. Ke2 Qd6 32. Rd2 Qe7 33.
Nb2 Rxd2+ 34. Bxd2 Qf7 35. Qf3 Qd7 36. Be3 Qc7 37. Na4 Rd8 38. Bxc5 Qd7 39. Be3 Qd1+ 40. Kf2 Qc2+ 41. Qe2 Qxe4 42. c5 Qh1 43. Nc3 e4 44.
c6 Rd3 45. Na4 Rd1 46. g4 Qg1# 0-1

[Event "***Titled Tuesday 3|2 Blitz"]
[Site "Chess.com"]
[Date "2017.02.07"]
[Round "4"]
[White "plouarzel"]
[Black "pedroholly22"]
[Result "0-1"]
[WhiteElo "2402"]
[BlackElo "2296"]
[TimeControl "180+2"]
[EndTime "14:00:12 PST"]
[Termination "pedroholly22 won by checkmate"]

1. e4 c5 2. Nf3 Nc6 3. Bb5 e5 4. c3 d6 5. d4 exd4 6. cxd4 cxd4 7. Nxd4 Bd7 8. Nc3 Nf6 9. O-O Be7 10. Nc2 O-O 11. Bg5 Be6 12. Ne3 Nxe4 13. Nxe4 Bxg5 14. f4 Be7 15. f5 Qb6 16. Qd3 Ne5 17. Qe2 Bd5 18. f6 Bxe4 19. fxe7 Rfc8 20. Kh1 d5 21. Nf5 Qe6 22. e8=Q+ Rxe8 23. Bxe8 Rxe8 24. Nd4 Qg6 25. Rae1 Ng4 26. Rf4 Bxg2+ 27. Qxg2 Rxe1+ 28. Rf1 Rxf1+ 29. Qxf1 Qe4+ 30. Nf3 Ne5 31. Kg2 Qxf3+ 32. Qxf3 Nxf3 33.
Kxf3 Kf8 34. Kf4 Ke7 35. Ke5 f6+ 36. Kxd5 g6 37. b4 f5 38. a4 f4 39. Ke4 g5 40.
h4 h6 41. a5 Kd6 42. h5 Kc6 43. Kf5 f3 44. Kg6 f2 45. Kxh6 f1=Q 46. Kxg5 Kb5 47. h6 Qh1 48. h7 Qxh7 49. a6 Qc7 50. axb7 Qxb7 51. Kf5 Kxb4 52. Ke5 Qc6 53. Kf5 a5 54.
Ke5 a4 55. Kd4 a3 56. Ke5 a2 57. Kf5 a1=Q 58. Kf4 Qd1 59. Ke3 Qe6+ 60. Kf2 Qdd7 61. Kg3 Qdf7 62. Kh4 Qeg6 63. Kh3 Qfh7# 0-1

[Event "***Titled Tuesday 3|2 Blitz"]
[Site "Chess.com"]
[Date "2017.02.07"]
[Round "4"]
[White "Sethu0025"]
[Black "vellottiwizard"]
[Result "0-1"]
[WhiteElo "2543"]
[BlackElo "2562"]
[TimeControl "180+2"]
[EndTime "14:00:25 PST"]
[Termination "vellottiwizard won by resignation"]

1. e4 e6 2. d4 d5 3. Nc3 Bb4 4. e5 c5 5. dxc5 Bxc3+ 6. bxc3 Ne7 7.
Bd3 Qa5 8. Bd2 Nd7 9. Qh5 Nxc5 10. Nf3 Nxd3+ 11. cxd3 Qa6 12. Ng5 Ng6 13. Qe2 h6 14.
Nf3 Bd7 15. a4 Bb5 16. c4 dxc4 17. Nd4 cxd3 18. Qe3 Bc4 19. O-O O-O 20. f4 Ne7 21. a5 Nf5 22. Nxf5 exf5 23. Rfc1 Bd5 24. Rc5 Be4 25. Qd4 Qg6 26. Qf2 b6 27. Rcc1 bxa5 28. Rxa5 a6 29. Rac5 Rab8 30. Bc3 Rfd8 31. Qd2 Kh7 32. Ba5 Rd7 33. Bc3 Rdb7 34. Bd4 Rb1 35. h3 Rxc1+ 36. Rxc1 Qg3 37. Ra1 Rc8 38. Ra2 Rc2 39.
Rxc2 dxc2 40. Bb2 a5 41. Qf2 Qb3 42. Bc1 Qb1 43. Qe3 a4 44. Kf2 Qb7 45. g4 Qd5 46. Ke1 Qd1+ 47. Kf2 Qh1 48. Ke2 Bf3+ 49. Kd2 fxg4 50.
hxg4 Bxg4 51. Kxc2 Bf5+ 52. Kb2 Qb7+ 53. Ka3 Qb5 54. Bb2 Bd3 0-1

[Event "***Titled Tuesday 3|2 Blitz"]
[Site "Chess.com"]
[Date "2017.02.07"]
[Round "4"]
[White "LyonBeast"]
[Black "Astaneh"]
[Result "1-0"]
[WhiteElo "2739"]
[BlackElo "2488"]
[TimeControl "180+2"]
[EndTime "14:00:28 PST"]
[Termination "LyonBeast won on time"]

1. d4 Nf6 2. Nf3 g6 3. g3 Bg7 4. Bg2 O-O 5. O-O d5 6. c4 c6 7. Qb3 a5 8. cxd5 Nxd5 9. Nc3 Nb4 10. a3 Be6 11. Qd1 Nd5 12. Na4 Nd7 13. Ng5 Nc7 14.
Nxe6 Nxe6 15. e3 Nc7 16. Qb3 Rb8 17. Rd1 e6 18. Bd2 b5 19. Nc3 Nd5 20. Rac1 a4 21.
Qc2 N7b6 22. Ne4 Nc4 23. Bf1 Nxd2 24. Qxd2 Qb6 25. Nc5 Rfd8 26. Nd3 Ne7 27. Qc3 Rd6 28. Bg2 Rbd8 29. Re1 h5 30. h4 Qb8 31. Re2 Nf5 32. Nb4 Nxg3 33. fxg3 Rxd4 34. Qe1 Rxb4 35. axb4 Be5 36.
Kh2 g5 37. hxg5 h4 38. Kh1 hxg3 39. Rd2 Kg7 40. Rxd8 Qxd8 41. Qe2 Qxg5 42. Kg1 Qh4 43.
Rxc6 Qxb4 44. Rc2 Qh4 45. Bc6 b4 46. Bxa4 Qe4 47. Bb3 Kf8 48. Rc4 Qb1+ 49. Kg2 Bd6 50. Qd2 Ke7 51. Rd4 1-0